 Dungeon Crawl Stone Soup version 0.24-a0-434-gd57e52fea8 (webtiles) character file.

Game seed: 11807644894187436394

4289 MirrMurr the Slinger (level 10, 0/103 HPs)
             Began as a Halfling Fighter on June 16, 2019.
             Was a Priest of Okawaru.
             Succumbed to a hornet's poison
             ... on level 8 of the Dungeon.
             The game lasted 00:23:03 (10682 turns).

MirrMurr the Slinger (Halfling Fighter)            Turns: 10682, Time: 00:23:04

Health: 0/103      AC: 18    Str: 25    XL:     10   Next: 57%
Magic:  13/13      EV:  9    Int:  6    God:    Okawaru [***...]
Gold:   478        SH: 12    Dex: 15    Spells: 8/9 levels left

rFire    . . .     SeeInvis .   b - +2 short sword (speed)
rCold    . . .     Gourm    .   c - +0 shield
rNeg     . . .     Faith    .   x - +4 chain mail
rPois    .         Spirit   .   C - +1 helmet
rElec    .         Reflect  .   j - +2 cloak
rCorr    .         Harm     .   (no gloves)
MR       .....                  (no boots)
Stlth    ..........             (no amulet)
HPRegen  0.27/turn              G - +3 ring of slaying
MPRegen  0.13/turn              (no ring)

@: berserking (expiring), lethally poisoned (0 -> -10), slowed
A: small, mutation resistance 1
a: Heroism, Renounce Religion


You were on level 8 of the Dungeon.
You worshipped Okawaru.
Okawaru was most pleased with you.
You were not hungry.

You visited 2 branches of the dungeon, and saw 9 of its levels.

You collected 478 gold pieces.

Inventory:

Hand Weapons
 a - a +1 hunting sling
 b - a +2 short sword of speed (weapon)
 y - a +0 rapier
Missiles
 l - 370 stones (quivered)
 t - 81 sling bullets
Armour
 c - a +0 shield (worn)
 j - a +2 cloak (worn)
 x - a +4 chain mail (worn)
 C - a +1 helmet (worn)
Jewellery
 w - an uncursed ring of ice
 G - a +3 ring of slaying (left hand)
Wands
 d - a wand of clouds (7)
 q - a wand of polymorph (6)
 z - a wand of flame (14)
 D - a wand of enslavement (11)
Scrolls
 e - a scroll of fog
 g - 2 scrolls of teleportation
 i - 2 scrolls of enchant armour
 r - 2 scrolls of remove curse
 v - 6 scrolls of blinking
Potions
 h - a potion of degeneration
 k - 2 potions of haste
 m - a potion of heal wounds {unknown}
 n - a potion of ambrosia
 o - 3 potions of magic
 s - a potion of invisibility {unknown}
 u - 5 potions of mutation
 A - a potion of lignification
 B - 2 potions of flight
Comestibles
 f - 15 rations


   Skills:
 + Level 6.3 Fighting
 + Level 6.7 Short Blades
 * Level 12.3 Slings
 - Level 3.6 Armour
 - Level 1.0 Dodging
 + Level 7.8 Shields
 + Level 5.1 Invocations


You had 8 spell levels left.
You knew the following spells:

 Your Spells              Type           Power        Failure   Level  Hunger
a - Confusing Touch       Hex            #.....       100%        1    ##.....

Your spell library contained the following spells:

 Spells                   Type           Power        Failure   Level  Hunger
 Animate Skeleton         Necr           N/A          100%        1    ##.....
 Beastly Appendage        Tmut           #.....       100%        1    ##.....
 Pain                     Necr           #...         100%        1    ##.....
 Sticks to Snakes         Tmut           #.......     100%        2    ###....
 Confuse                  Hex            #.......     100%        3    ####...
 Gell's Gravitas          Tloc           #.........   100%        3    ####...
 Regeneration             Chrm/Necr      #.........   100%        3    ####...
 Spider Form              Tmut/Pois      #.........   100%        3    ####...
 Vampiric Draining        Necr           #.........   100%        3    ####...
 Animate Dead             Necr           N/A          100%        4    #####..
 Ice Form                 Ice/Tmut       #.......     100%        4    #####..
 Petrify                  Tmut/Erth      #.......     100%        4    #####..
 Blade Hands              Tmut           #.........   100%        5    ######.
 Metabolic Englaciation   Hex/Ice        #.........   100%        5    ######.
 Yara's Violent Unravell  Hex/Tmut       #.........   100%        5    ######.


Dungeon Overview and Level Annotations

Branches:
Dungeon (8/15)             Temple (1/1) D:5
   Lair: D:8-11

Altars:
Ashenzari
Cheibriados
Dithmenos
Elyvilon
Fedhas
Gozag
Kikubaaqudgha
Makhleb
Okawaru
Qazlal
Sif Muna
Trog
Vehumet
Xom
Yredelemnul
Zin
The Shining One
Jiyva


Innate Abilities, Weirdness & Mutations

You are small and have problems with some larger weapons.
You are somewhat resistant to further mutation.


Message History

Your life force feels restored.
* * * LOW HITPOINT WARNING * * *
You feel sick.
* * * LOW HITPOINT WARNING * * *
You feel sick.
You see here a hornet corpse.
You puncture the worm!
The worm is heavily wounded.
* * * LOW HITPOINT WARNING * * *
You feel sick.
Your shield prevents you from hitting the worm.
The worm is heavily wounded.
* * * LOW HITPOINT WARNING * * *
You feel sick. The worm barely misses you.
You puncture the worm!
You kill the worm!
Okawaru accepts your kill.
* * * LOW HITPOINT WARNING * * *
You feel sick.
You die...

####### #.....## .. .......###
### . .†.8.....###.# #. #.
......##...#.## ##. #.######
#.....####.>.#.# ##..###.##...##
####### #...##.#.#.#....#.....##
##..#.#@##.#.# #...<...#
#..##†#.#...# #....†..#
###.###.###...# #.......# ##
#...#..#......# ##.....##
.########.#......#...## #.......#
..#..#...........#...# #.......#
#..#............[....####.......#
...##...................##.....##
.......(........[#...##.##.....##


There were no monsters in sight!

Vanquished Creatures
  A hornet (D:8)
  Sigmund (D:2)
  A wyvern (D:8)
  A water moccasin (D:8)
  An orc warrior (D:8)
  3 sky beasts
  An ice beast (D:7)
  4 necrophages (D:8)
  A phantom (D:6)
  3 ogres
  2 centaurs
  4 big kobolds (D:6)
  2 bullfrogs
  5 scorpions
  3 wights (D:8)
  3 electric eels (D:6)
  A bullfrog zombie (D:8)
  4 crimson imps
  7 jellies
  A bullfrog skeleton (D:8)
  2 hounds
  9 orc priests
  Terence (D:2)
  Natasha (thrice) (D:3)
  4 orc wizards
  6 worker ants
  A hound skeleton (D:7)
  A worker ant zombie (D:7)
  7 adders
  12 gnolls
  A shadow imp (D:4)
  3 oozes
  3 adder zombies
  6 worms
  2 dart slugs
  4 leopard geckos
  22 orcs
  6 giant cockroaches
  2 gnoll zombies (D:8)
  21 hobgoblins
  2 jackals (D:3)
  13 kobolds
  4 quokkas
  A ball python (D:1)
  6 bats
  7 frilled lizards
  37 goblins
  A leopard gecko skeleton (D:7)
  A quokka skeleton (D:7)
  5 rats
242 creatures vanquished.

Notes
Turn   | Place    | Note
-------+----------+-------------------------------------------
     0 | D:1      | MirrMurr the Halfling Fighter began the quest for the Orb.
     0 | D:1      | Reached XP level 1. HP: 15/15 MP: 1/1
   148 | D:1      | Reached XP level 2. HP: 18/20 MP: 2/2
   718 | D:2      | Found a snail-covered altar of Cheibriados.
   766 | D:2      | Noticed Terence
   881 | D:2      | Reached XP level 3. HP: 20/25 MP: 3/3
   945 | D:2      | Noticed Sigmund
  1000 | D:2      | Killed Sigmund
  1000 | D:2      | Reached skill level 4 in Slings
  1000 | D:2      | Reached XP level 4. HP: 11/31 MP: 4/4
  1000 | D:2      | Reached XP level 5. HP: 13/36 MP: 5/5
  1479 | D:2      | Reached XP level 6. HP: 39/42 MP: 6/6
  1487 | D:2      | You fall into a shaft and drop 2 floors!
  1958 | D:3      | Reached skill level 5 in Slings
  2001 | D:3      | Found an opulent altar of Gozag.
  2201 | D:3      | Noticed Natasha
  2232 | D:3      | Killed Natasha
  2373 | D:2      | Found a stormy altar of Qazlal.
  2374 | D:2      | Noticed an air elemental
  2374 | D:2      | Noticed a fire elemental
  2374 | D:2      | Noticed a water elemental
  2803 | D:2      | Killed Terence
  2969 | D:3      | Noticed Natasha
  2976 | D:3      | Reached XP level 7. HP: 46/47 MP: 7/7
  3114 | D:3      | Killed Natasha
  3114 | D:3      | Reached skill level 6 in Slings
  3337 | D:3      | Noticed Natasha
  3354 | D:3      | Killed Natasha
  3354 | D:3      | Reached skill level 5 in Shields
  3930 | D:4      | Reached skill level 7 in Slings
  4719 | D:4      | Reached XP level 8. HP: 54/54 MP: 8/8
  4885 | D:4      | Found a shadowy altar of Dithmenos.
  5019 | D:5      | Entered Level 5 of the Dungeon
  5037 | D:5      | Found a glowing silver altar of Zin.
  5059 | D:5      | Reached skill level 1 in Dodging
  5076 | D:5      | Reached skill level 8 in Slings
  5144 | D:5      | Found a staircase to the Ecumenical Temple.
  5154 | Temple   | Entered the Ecumenical Temple
  5496 | Temple   | Became a worshipper of Warmaster Okawaru
  5536 | D:5      | Reached skill level 1 in Invocations
  5844 | D:5      | Found a radiant altar of Vehumet.
  6511 | D:6      | Reached skill level 9 in Slings
  6519 | D:6      | Reached * piety under Okawaru
  6525 | D:6      | Reached skill level 5 in Fighting
  6554 | D:6      | HP: 4/82 [orc wizard/magic dart (5)]
  6958 | D:6      | Reached XP level 9. HP: 61/61 MP: 10/10
  7675 | D:6      | Reached skill level 10 in Slings
  7825 | D:6      | Reached skill level 5 in Short Blades
  7989 | D:6      | Learned a level 1 spell: Confusing Touch
  8873 | D:7      | Reached ** piety under Okawaru
  8969 | D:7      | Reached skill level 11 in Slings
  9266 | D:7      | Found a deep blue altar of Sif Muna.
  9292 | D:8      | Reached XP level 10. HP: 65/68 MP: 13/13
  9529 | D:8      | Found a shattered altar of Ashenzari.
 10075 | D:8      | Reached *** piety under Okawaru
 10076 | D:8      | Found a viscous altar of Jiyva.
 10209 | D:8      | Reached skill level 12 in Slings
 10555 | D:8      | Reached skill level 5 in Invocations
 10569 | D:8      | Found a basalt altar of Yredelemnul.
 10658 | D:8      | Paralysed by a hornet for 1 turns
 10677 | D:8      | HP: 5/103 [poisoned by a hornet]
 10680 | D:8      | HP: 2/103 [poisoned by a hornet]
 10682 | D:8      | Succumbed to a hornet's poison

Levels and vault maps discovered:
D:1:      dpeg_arrival_tiny_j, layout_loops_ring,
          hangedman_abyss_or_decor_lesser_grid
D:2:      layout_basic, nicolae_qazlal_style_of_elements,
          kennysheep_slug_shrine, uniq_sigmund, uniq_terence
D:3:      layout_basic, nicolae_gozag_cash_rules_everything_around_me,
          uniq_natasha
D:4:      layout_rooms, grunt_dithmenos_shadows, first_ration, serial_forest,
          infiniplex_forest_clump_medium, infiniplex_forest_zigzag_2,
          infiniplex_forest_lined_room_3, infiniplex_forest_lined_4_way,
          infiniplex_forest_lined_2, infiniplex_forest_join,
          infiniplex_forest_clump_long, infiniplex_forest_straight_4,
          infiniplex_forest_clump_large
D:5:      layout_rooms, vehumet_altar_wand_db, lemuel_round_altar,
          minmay_temple_entry_tees
D:6:      minmay_goblin_kobold_castle, layout_basic, serial_curves,
          eino_curves_02, eino_curves_02, minmay_unpleasant_kobolds
D:7:      layout_loops_ring, kennysheep_mini
D:8:      layout_rooms, lemuel_zombie_altar_yredelemnul, minitemple,
          amethyst_overflow_temple_binary, serial_undead, serial_undead_a,
          serial_undead_d, serial_undead_e, serial_undead_a, basic_altar,
          hangedman_pestilent_swarm, jiyva_altar_1
Temple:   compressed_dpeg_triangle_lava_temple

Skill      XL: |  1  2  3  4  5  6  7  8  9 10 |
---------------+-------------------------------+-----
Short Blades   | 3 4 5 6 |  6.7
Fighting       | 3 4 5 6 |  6.3
Slings         | 4 5 7 9 11 12 | 12.3
Shields        | 4 5 6 7 |  7.8
Dodging        | 1 |  1.0
Invocations    | 2 4 5 |  5.1
Armour         | |  3.6

Action                   |  1- 3 |  4- 6 |  7- 9 | 10-12 || total
-------------------------+-------+-------+-------+-------++-------
Melee: Rapier            |    84 |    91 |   364 |       ||   539
       Short sword       |       |       |    35 |   110 ||   145
 Fire: Hunting sling     |       |   129 |   472 |   156 ||   757
Invok: Heroism           |       |       |       |     1 ||     1
  Use: Scroll            |       |     2 |    12 |     3 ||    17
       Potion            |       |       |     5 |     2 ||     7
  Eat: Chunk             |       |     6 |    17 |     3 ||    26
       Ration            |       |       |     1 |     1 ||     2
Armor: Scale mail        |    21 |    11 |       |       ||    32
       Chain mail        |       |    17 |   221 |    45 ||   283
       Skin              |       |       |     2 |       ||     2
Dodge: Dodged            |    28 |    37 |   109 |    25 ||   199
Block: Shield            |    23 |    61 |   279 |    58 ||   421

Table legend:
 A = Non-vault XP
 B = Vault XP
 C = Vault XP percentage of total XP
 D = Non-vault monster count
 E = Vault monster count
 F = Vault count percentage of total count
                 A         B        C        D         E       F
            +---------+---------+-------+---------+---------+-------
      Total |    4098 |    2030 |  33.1 |     154 |      88 |  36.4
            +---------+---------+-------+---------+---------+-------
        D:1 |      18 |       0 |   0.0 |      13 |       0 |   0.0
        D:2 |      43 |     263 |  85.9 |      15 |       3 |  16.7
        D:3 |     319 |      35 |   9.9 |      42 |       1 |   2.3
        D:4 |     439 |      11 |   2.4 |      16 |       1 |   5.9
        D:5 |     273 |       2 |   0.7 |       6 |       1 |  14.3
        D:6 |    1043 |     598 |  36.4 |      25 |      66 |  72.5
        D:7 |     782 |      43 |   5.2 |      17 |       1 |   5.6
        D:8 |    1181 |    1078 |  47.7 |      20 |      15 |  42.9
            +---------+---------+-------+---------+---------+-------
